 Dungeon Crawl Stone Soup version 0.21-a0-274-gc1afaeb (webtiles) character file.

63 Espgualade the Skirmisher (level 4, 2/28 HPs)
             Began as a Tengu Ice Elementalist on Sept 18, 2017.
             Quit the game on level 3 of the Dungeon.
             The game lasted 00:04:37 (2096 turns).

Espgualade the Skirmisher (Tengu Ice Elementalist)  Turns: 2096, Time: 00:04:37

Health: 2/28       AC:  4    Str:  7 (9)  XL:     4   Next: 10%
Magic:  5/8        EV: 12    Int: 15 (16) God:
Gold:   44         SH:  0    Dex: 11 (14) Spells: 1/7 levels left

rFire    . . .     SeeInvis .   (no weapon)
rCold    . . .     Gourm    .   (no shield)
rNeg     . . .     Faith    .   a - +0 robe
rPois    .         Spirit   .   k - +2 hat
rElec    .         Reflect  .   (no cloak)
rCorr    .         Harm     .   (no gloves)
MR       .....                  (boots unavailable)
Stlth    ++........             (no amulet)
HPRegen  0.09/turn              (no ring)
MPRegen  0.11/turn              (no ring)

@: lethally poisoned (2 -> -5)
A: beak, talons 3
a: no special abilities


You were on level 3 of the Dungeon.
You were not hungry.

You visited 1 branch of the dungeon, and saw 3 of its levels.

You collected 44 gold pieces.

Inventory:

Hand Weapons
 h - a +0 hand axe
Armour
 a - a +0 robe (worn)
 k - a +2 hat (worn)
Scrolls
 e - a scroll of remove curse
 f - a scroll of teleportation
 g - a scroll of random uselessness {unknown}
Potions
 m - a potion of lignification {unknown}
Books
 b - a book of Frost

   Spells                             Type                      Level
   a - Freeze                         Ice                          1
   b - Throw Frost                    Conjuration/Ice              2
   c - Ozocubu's Armour               Charms/Ice                   3
   d - Throw Icicle                   Conjuration/Ice              4
   e - Summon Ice Beast               Ice/Summoning                4
Comestibles
 c - 4 bread rations
 d - 3 fruits
 i - 2 royal jellies
 n - a meat ration


   Skills:
 + Level 3.6 Fighting
 - Level 2.1 Dodging
 - Level 2.0 Stealth
 - Level 2.0 Spellcasting
 - Level 1.3 Conjurations
 - Level 2.6 Ice Magic


You had one spell level left.
You knew the following spells:

 Your Spells              Type           Power        Failure   Level  Hunger
a - Freeze                Ice            #...         8%          1    #......
b - Throw Frost           Conj/Ice       #.....       14%         2    ###....
c - Ozocubu's Armour      Chrm/Ice       #.......     36%         3    ###....


Dungeon Overview and Level Annotations

Branches:
Dungeon (3/15)

Altars:


Innate Abilities, Weirdness & Mutations

You have a beak for a mouth.
You have claws for feet.


Message History

The worker ant poisons you!
You closely miss the worker ant.
You peck the worker ant, but do no damage.
The worker ant is moderately wounded.
* * * LOW HITPOINT WARNING * * *
You feel sick.
The worker ant bites you but does no damage.
The worker ant bites you.
* * * LOW HITPOINT WARNING * * *
Unknown command.
You are now empty-handed.
Okay, then.
Unknown command.
Are you sure you want to abandon this character and quit the game? (Confirm with "yes".)

#.###..#..........
#.###.#.#..#..########
#..........#..#
#####.####.#..#
#.#.......#
#.#.##....#
#.#.#.....#
#.#.#.#..)#
#@#^#.#...#
#a#.#.#.....
#.#...#.....#
#.#####.....# ...
#....... #.. ###..###
#.. #...


You could see a worker ant.

Vanquished Creatures
  2 adders (D:2)
  A dart slug (D:1)
  A leopard gecko (D:2)
  An orc (D:3)
  9 bats
  2 giant cockroaches
  6 goblins
  3 hobgoblins (D:1)
  6 kobolds
  2 quokkas
  3 frilled lizards
  6 rats
42 creatures vanquished.

Notes
Turn   | Place    | Note
-------+----------+-------------------------------------------
     0 | D:1      | Espgualade the Tengu Ice Elementalist began the quest for the Orb.
     0 | D:1      | Reached XP level 1. HP: 10/10 MP: 4/4
    25 | D:1      | Reached skill level 1 in Fighting
   248 | D:1      | Reached XP level 2. HP: 16/16 MP: 4/6
   392 | D:1      | Reached skill level 2 in Fighting
   666 | D:1      | Learned a level 2 spell: Throw Frost
   937 | D:2      | Reached XP level 3. HP: 22/22 MP: 7/7
  1280 | D:2      | Reached skill level 3 in Fighting
  1754 | D:2      | Reached XP level 4. HP: 26/28 MP: 8/8
  1785 | D:3      | Learned a level 3 spell: Ozocubu's Armour
  2069 | D:3      | Noticed an ice beast
  2096 | D:3      | Quit the game

Vault maps used:
D:1:      shiori_arrival_oz, minmay_close_crescents
D:2:      first_bread, st_stairs_12
D:3:      portal_sewer_entry_d

Skill      XL: |  1  2  3 |
---------------+----------+-----
Fighting       | 1 2 3 |  3.6
Dodging        | |  2.1
Stealth        | |  2.0
Spellcasting   | |  2.0
Conjurations   | |  1.3
Ice Magic      | |  2.6

Action                   |  1- 3 |  4- 6 || total
-------------------------+-------+-------++-------
Melee: Unarmed           |     9 |       ||     9
       Kick              |    19 |     4 ||    23
       Hand axe          |    71 |    27 ||    98
       Peck              |     7 |     6 ||    13
 Cast: Freeze            |    12 |     5 ||    17
  Use: Scroll            |       |     4 ||     4
       Potion            |       |     3 ||     3
 Stab: Sleeping          |     5 |     1 ||     6
  Eat: Chunk             |     3 |     1 ||     4
Armor: Robe              |    19 |     8 ||    27
Dodge: Dodged            |    73 |    19 ||    92

Table legend:
 A = Spawn XP
 B = Non-spawn XP
 C = Spawn XP percentage of total XP
 D = Spawn monster count
 E = Non-spawn monster count
 F = Spawn count percentage of total count
 G = Total turns spent on level
                    A         B        C        D         E        F      G
               +---------+---------+-------+---------+---------+-------+---------
         Total |       0 |      91 |   0.0 |       0 |      42 |   0.0 |  2096
               +---------+---------+-------+---------+---------+-------+---------
           D:1 |       0 |      31 |   0.0 |       0 |      19 |   0.0 |   667
           D:2 |       0 |      51 |   0.0 |       0 |      18 |   0.0 |  1113
           D:3 |       0 |       9 |   0.0 |       0 |       5 |   0.0 |   316
               +---------+---------+-------+---------+---------+-------+---------
